 Dungeon Crawl Stone Soup version 0.26-a0-104-gef3e9dd61f (webtiles) character file.

Game seed: 1266081578687593889

175 MrRokkomies the Ducker (level 5, -1/27 HPs)
             Began as a Spriggan Abyssal Knight on June 22, 2020.
             Was a Follower of Lugonu.
             Killed from afar by an orc wizard (6 damage)
             ... with a magic dart
             ... on level 3 of the Dungeon.
             The game lasted 00:04:50 (2071 turns).

MrRokkomies the Ducker (Spriggan Abyssal Knight)    Turns: 2071, Time: 00:04:50

Health: -1/27      AC:  4    Str:  9    XL:     5   Next: 29%
Magic:  8/8        EV: 20    Int: 13    God:    Lugonu [*.....]
Gold:   149        SH:  0    Dex: 16    Spells: 4/4 levels left

rFire    + . .     SeeInvis +   a - +1 short sword
rCold    + . .     Gourm    .   (shield restricted)
rNeg     . . .     Faith    .   u - +2 robe {rC+}
rPois    .         Spirit   .   (helmet restricted)
rElec    .         Reflect  .   (no cloak)
rCorr    .         Harm     .   (gloves unavailable)
MR       .....                  (boots unavailable)
Stlth    ++........             (no amulet)
HPRegen  0.09/turn              (no ring)
MPRegen  0.11/turn              (no ring)

@: very quick
A: very small, unfitting armour, see invisible, fire resistance 1, herbivore,
speed 3, slow metabolism 2
a: Depart the Abyss, Renounce Religion


You were on level 3 of the Dungeon.
You worshipped Lugonu.
Lugonu was aware of your devotion.
You were not hungry.

You visited 1 branch of the dungeon, and saw 3 of its levels.
You visited the Abyss 1 time.

You collected 149 gold pieces.

Inventory:

Hand Weapons
 a - a +1 short sword (weapon)
Missiles
 d - 32 poisoned darts (quivered)
 h - 5 sling bullets
 k - 45 stones
Armour
 u - a +2 robe of cold resistance (worn)
Scrolls
 b - 3 scrolls of remove curse
 g - a scroll of fear {unknown}
 i - a scroll of enchant armour
Potions
 e - 2 potions of haste
 f - 2 potions of mutation
 j - a potion of flight {unknown}
 l - a potion of heal wounds {unknown}
 m - a potion of resistance {unknown}
 n - a potion of degeneration {unknown}
 o - 2 potions of stabbing {unknown}
 q - a potion of ambrosia {unknown}
 t - 2 potions of curing {unknown}
Comestibles
 c - 6 rations


   Skills:
 - Level 2.4 Fighting
 * Level 4.0 Short Blades
 + Level 4.5 Dodging
 + Level 2.9 Stealth
 * Level 3.4 Invocations


You had 4 spell levels left.
You didn't know any spells.
Your spell library was empty.

Dungeon Overview and Level Annotations

Branches:
Dungeon (3/15)

Altars:


Innate Abilities, Weirdness & Mutations

You are very small and have problems with some larger weapons.
You are too small for most types of armour.
You have supernaturally acute eyesight. (SInv)
You are a herbivore.
You cover ground extremely quickly.
You need to consume almost no food.
Your flesh is heat resistant. (rF+)


Message History

You kill the orc!
Lugonu accepts your kill.
Items here: ) ? [ † a +0 dagger; a +0 leather armour; a scroll labeled SUCOMITH TUEK; an orc corpse You completely miss the orc wizard.
The orc wizard is moderately wounded.
The orc wizard hits you but does no damage.
You hit the orc wizard.
The orc wizard is heavily wounded.
The orc wizard hits you with a +0 dagger.
You hit the orc wizard.
The orc wizard is heavily wounded.
The orc wizard casts a spell at you. The magic dart hits you.
* * * LOW HITPOINT WARNING * * *
It was a potion of mutation.
You feel extremely strange.
You feel weaker.
You feel resistant to heat.
You feel stronger.
The orc wizard gestures at you while chanting.
The magic dart hits you.
You die...

.####.........).. #.
................
#.#+#####...........#..
#.....o.............#.#
#...... #.##.#..#####.#
#.......#....(..# #..
.........#.##.# ##.
###.#+###.#.##.# #.
#...o@.........# #.
#.#..#)####.#### #.
#..#... ..# #.
....######## ## ####.
#. .. ##


You could see an orc wizard.

Vanquished Creatures
  An eye of draining (Abyss:1)
  Jessica (D:2)
  An adder (D:2)
  An ooze (D:2)
  A worm (D:2)
  4 leopard geckos
  2 orcs (D:3)
  3 giant cockroaches
  3 goblins
  3 hobgoblins
  A jackal (D:2)
  6 kobolds
  A quokka (D:2)
  6 bats
  6 frilled lizards
  A rat (D:1)
41 creatures vanquished.

Notes
Turn   | Place    | Note
-------+----------+-------------------------------------------
     0 | Abyss:1  | MrRokkomies the Spriggan Abyssal Knight began the quest for
                  | the Orb.
     0 | Abyss:1  | Reached XP level 1. HP: 11/11 MP: 3/3
    52 | Abyss:1  | Noticed a smoke demon
    54 | Abyss:1  | Noticed a lich
    94 | Abyss:1  | Noticed an eye of draining
   118 | Abyss:1  | Killed an eye of draining
   118 | Abyss:1  | Reached XP level 2. HP: 16/16 MP: 0/5
   118 | Abyss:1  | Reached XP level 3. HP: 19/19 MP: 0/6
   118 | Abyss:1  | Reached XP level 4. HP: 23/23 MP: 0/7
   184 | Abyss:1  | Noticed an efreet
   204 | Abyss:1  | Noticed an ancient zyme
   221 | Abyss:1  | Noticed a profane servitor
   227 | D:1      | Escaped the Abyss
   724 | D:1      | Reached * piety under Lugonu
  1633 | D:2      | Noticed Jessica
  1640 | D:2      | Killed Jessica
  1640 | D:2      | Reached XP level 5. HP: 27/27 MP: 8/8
  2071 | D:3      | Gained mutation: You are weak. (Str -2) [potion of
                  | mutation]
  2071 | D:3      | Gained mutation: Your flesh is heat resistant. (rF+)
                  | [potion of mutation]
  2071 | D:3      | Lost mutation: You are weak. (Str -2) [potion of mutation]
  2071 | D:3      | Killed from afar by an orc wizard

Illustrated notes

Levels and vault maps discovered:
D:1:      minmay_arrival_solitary_statue, layout_rooms, nrook_uturn
D:2:      minmay_evil_eye, layout_loops_cross, uniq_jessica
D:3:      layout_basic, first_ration

Skill      XL: |  1  2  3  4  5 |
---------------+----------------+-----
Short Blades   | 3 4 |  4.0
Dodging        | 4 |  4.5
Stealth        | 2 |  2.9
Invocations    | 2 3 |  3.4
Fighting       | |  2.4

Action                   |  1- 3 |  4- 6 || total
-------------------------+-------+-------++-------
Melee: Short sword       |    21 |   121 ||   142
Invok: Depart the Abyss  |       |     1 ||     1
  Use: Scroll            |       |     6 ||     6
       Potion            |       |     1 ||     1
 Stab: Sleeping          |       |     9 ||     9
Armor: Robe              |       |     9 ||     9
Dodge: Dodged            |       |    88 ||    88

Table legend:
 A = Non-vault XP
 B = Vault XP
 C = Vault XP percentage of total XP
 D = Non-vault monster count
 E = Vault monster count
 F = Vault count percentage of total count
                 A         B        C        D         E       F
            +---------+---------+-------+---------+---------+-------
      Total |     204 |      46 |  18.4 |      37 |       4 |   9.8
            +---------+---------+-------+---------+---------+-------
        D:1 |      21 |       0 |   0.0 |      13 |       0 |   0.0
        D:2 |      40 |      46 |  53.5 |      15 |       4 |  21.1
        D:3 |      18 |       0 |   0.0 |       8 |       0 |   0.0
    Abyss:1 |     125 |       0 |   0.0 |       1 |       0 |   0.0
            +---------+---------+-------+---------+---------+-------
